 Dungeon Crawl Stone Soup version 0.30-a0-879-ga8ba668304 (webtiles) character file.

Game seed: 7287451002846360440

24 cforsyth the Poker (level 3, -2/37 HPs)
             Began as an Ogre Reaver on Mar 14, 2023.
             Killed from afar by Sigmund (7 damage)
             ... with a magic dart
             ... on level 2 of the Dungeon.
             The game lasted 00:01:24 (832 turns).

cforsyth the Poker (Ogre Reaver)                     Turns: 832, Time: 00:01:25

Health: -2/37      AC:  3    Str: 18    XL:     3   Next: 2%
Magic:  7/7        EV:  9    Int: 14    God:
Gold:   18         SH:  0    Dex:  7    Spells: 6/7 levels left

rFire   . . .      SeeInvis .    a - +0 spear
rCold   . . .      Faith    .    (no shield)
rNeg    . . .      Spirit   .    b - +0 robe
rPois   .          Reflect  .    (helmet restricted)
rElec   .          Rampage  .    (no cloak)
rCorr   .                        (gloves unavailable)
Will    .....                    (boots unavailable)
Stlth   +                        (no amulet)
HPRegen 0.26/turn                (no ring)
MPRegen 0.10/turn                (no ring)

@: no status effects
A: large, unfitting armour, tough skin 1
a: no special abilities


You were on level 2 of the Dungeon.
You visited 1 branch of the dungeon, and saw 2 of its levels.

You collected 18 gold pieces.

Inventory:

Hand Weapons
 a - a +0 spear (weapon)
Armour
 b - a +0 robe (worn)
Jewellery
 c - a ring of fire
Scrolls
 d - 2 scrolls of identify {unknown}
 f - a scroll of acquirement {unknown}
 g - a scroll of vulnerability {unknown}
 h - a scroll of enchant weapon {unknown}
Potions
 e - a potion of curing {unknown}
 i - a potion of invisibility {unknown}


   Skills:
 + Level 3.1 Fighting
 + Level 3.2 Polearms
 + Level 2.1 Dodging
 + Level 2.8 Spellcasting
 + Level 2.9 Conjurations


You had 6 spell levels left.
You knew the following spells:

 Your Spells              Type           Power      Damage    Failure   Level
a - Kiss of Death         Conj/Necr      24%        2d7       12%         1

Your spell library contained the following spells:

 Spells                   Type           Power      Damage    Failure   Level
 Momentum Strike          Conj/Tloc      12%        3d8       19%         2
 Hailstorm                Conj/Ice       6%         3d4       34%         3


Dungeon Overview and Level Annotations

Branches:
Dungeon (2/15)

Altars:

Annotations:
D:2 Sigmund


Innate Abilities, Weirdness & Mutations

You are too large for most types of armour.
You have tough skin. (AC +1)


Message History

Press: ? - help, Q - select action Shift-Dir - straight line, f - you, p - Sigmund
Okay, then.
Unknown command.
Unknown command.
Aiming: Kiss of Death (safe; 12% risk of failure)
Press: ? - help, Q - select action Shift-Dir - straight line, f - you, p - Sigmund
Okay, then.
Reach: a) +0 spear
Press: ? - help, Dir - move target, f/p - Sigmund
Aim: Sigmund, wielding a +0 scythe and wearing a +0 robe of cold resistance (severely wounded, about 47% to evade your +0 spear)
You reach to attack!
You closely miss Sigmund.
Sigmund is severely wounded.
Reach: a) +0 spear
Press: ? - help, Dir - move target, f/p - Sigmund
Aim: Sigmund, wielding a +0 scythe and wearing a +0 robe of cold resistance (severely wounded, about 47% to evade your +0 spear)
You reach to attack!
You barely miss Sigmund.
Sigmund is severely wounded.
Sigmund gestures at you while chanting. The puff of flame hits you!
* * * LOW HITPOINT WARNING * * *
Reach: a) +0 spear
Press: ? - help, Dir - move target, f/p - Sigmund
Aim: Sigmund, wielding a +0 scythe and wearing a +0 robe of cold resistance (severely wounded, about 47% to evade your +0 spear)
You reach to attack!
You hit Sigmund.
Sigmund is almost dead.
Sigmund hits you from afar with a +0 scythe.
* * * LOW HITPOINT WARNING * * *
Reach: a) +0 spear
Press: ? - help, Dir - move target, f/p - Sigmund
Aim: Sigmund, wielding a +0 scythe and wearing a +0 robe of cold resistance (almost dead, about 47% to evade your +0 spear)
You reach to attack!
You barely miss Sigmund.
Sigmund is almost dead.
Reach: a) +0 spear
Press: ? - help, Dir - move target, f/p - Sigmund
Aim: Sigmund, wielding a +0 scythe and wearing a +0 robe of cold resistance (almost dead, about 47% to evade your +0 spear)
You reach to attack!
You hit Sigmund but do no damage.
Sigmund is almost dead.
Sigmund points at you and mumbles some strange words.
The magic dart hits you!
You die...

##### #...
####.######
#.@.......#
#...##.####.# #..@
#.# #.# . #....
#.## #.# ##.
...... #..# #.#
#.. ###.... ##.#
#.# #.# ###.. #.#
#.# #.#
#..###.###.# #.#
#........####.####


You could see Sigmund.

Vanquished Creatures
  2 ball pythons
  3 goblins
  2 hobgoblins (D:1)
  4 jackals (D:1)
  A quokka (D:2)
  5 bats
  A frilled lizard (D:1)
  4 kobolds
  3 rats
25 creatures vanquished.

Notes
Turn   | Place    | Note
-------+----------+-------------------------------------------
     0 | D:1      | cforsyth the Ogre Reaver began the quest for the Orb.
     0 | D:1      | Reached XP level 1. HP: 22/22 MP: 3/3
   106 | D:1      | Reached XP level 2. HP: 16/29 MP: 3/5
   794 | D:2      | Reached XP level 3. HP: 37/37 MP: 7/7
   812 | D:2      | Noticed Sigmund
   832 | D:2      | Killed from afar by Sigmund

Illustrated notes

Levels and vault maps discovered:
D:1:      elethiomel_arrival_shortcut, layout_basic
D:2:      minmay_evil_eye, layout_loops_ring, uniq_sigmund

Skill      XL: |  1  2 |
---------------+-------+-----
Fighting       | 3 |  3.1
Dodging        | 2 |  2.1
Polearms       | |  3.2
Spellcasting   | |  2.8
Conjurations   | |  2.9

Action                     || total
---------------------------++-------
  Melee: Spear             ||    96
 Armour: Robe              ||    26
  Dodge: Dodged            ||    43

Table legend: (Time is in decaauts)
 A = Elapsed time spent in this place.
 B = Non-inter-level travel time spent in this place.
 C = Inter-level travel time spent in this place.
 D = Time resting spent in this place.
 E = Time spent auto-exploring this place.
 F = Levels seen in this place.
 G = Mean time per level.
                   A        B        C        D        E       F      G
               +--------+--------+--------+--------+--------+-----+--------+
         Total |    827 |    793 |     34 |      0 |    641 |   2 |  413.5 |
       Dungeon |    827 |    793 |     34 |      0 |    641 |   2 |  413.5 |
               +--------+--------+--------+--------+--------+-----+--------+

Top non-repeatable levels by time:
     D:1: 699 daAuts
     D:2: 127 daAuts
